 Dungeon Crawl Stone Soup version 0.28-a0-1356-g2ad6d04315 (webtiles) character file.

Game seed: 6161560648726165816

52 bande the Skirmisher (level 3, 0/36 HPs)
             Began as a Gargoyle Fighter on Dec 31, 2021.
             Slain by Sigmund (1 damage)
             ... on level 3 of the Dungeon.
             The game lasted 00:04:18 (1660 turns).

bande the Skirmisher (Gargoyle Fighter)             Turns: 1660, Time: 00:04:19

Health: 0/36       AC: 11    Str: 19    XL:     3   Next: 85%
Magic:  3/3        EV:  9    Int:  8    God:
Gold:   35         SH:  0    Dex: 11    Spells: 2/2 levels left

rFire   . . .      SeeInvis .   a - +1 war axe
rCold   . . .      Faith    .   h - orb {*Rage}
rNeg    + . .      Spirit   .   b - +0 scale mail
rPois   ∞          Reflect  .   i - +0 helmet
rElec   +          Harm     .   (no cloak)
rCorr   .          Rampage  .   (no gloves)
Will    .....      Rage     20% (no boots)
Stlth   ..........              (no amulet)
HPRegen 0.12/turn               g - ring of willpower
MPRegen 0.08/turn               (no ring)

@: mighty, berserking, weak-willed, very quick
A: sickness immunity, AC +3, negative energy resistance 1, electricity
resistance, torment resistance 1, petrification resistance
a: no special abilities


You were on level 3 of the Dungeon.
You visited 1 branch of the dungeon, and saw 3 of its levels.

You collected 35 gold pieces.

Inventory:

Hand Weapons
 a - a +1 war axe (weapon)
Armour
 b - a +0 scale mail (worn)
 c - a +0 buckler
 h - an orb of wrath (worn)
 i - a +0 helmet (worn)
Jewellery
 f - an amulet of the acrobat
 g - a ring of willpower (left hand)
 j - a ring of wizardry
Scrolls
 e - a scroll of noise {unknown}
 l - a scroll of identify
Potions
 m - a potion of flight
 n - a potion of brilliance


   Skills:
 + Level 3.9 Fighting
 + Level 2.6 Axes
 + Level 3.6 Armour
 - Level 0.1 Stealth
 + Level 3.5 Shields


You had 2 spell levels left.
You didn't know any spells.
Your spell library contained the following spells:

 Spells                   Type           Power      Damage    Failure   Level
 Chain Lightning          Conj/Air       0%         N/A       100%        9
 Fire Storm               Conj/Fire      0%         5d1       100%        9
 Shatter                  Erth           0%         3d5*      100%        9


Dungeon Overview and Level Annotations

Branches:
Dungeon (3/15)

Altars:

Shops:
D:2 [

Annotations:
D:3 Sigmund


Innate Abilities, Weirdness & Mutations

You are immune to sickness and miasma.
Your stone body is resilient. (AC +3)
You are immune to poison.
You resist negative energy. (rN+)
You are resistant to electric shocks. (rElec)
You are resistant to unholy torment.
You are immune to petrification.


Message History

An ogre comes into view. It is wielding a +0 giant club.
Your surroundings suddenly seem different.
Sigmund the Dreaded comes into view.
He is wielding a +0 scythe and wearing a +0 robe of fire resistance.
Found a scroll labelled XOPLOBA NOAV.
Sigmund shouts!
Sigmund drinks a potion.
Sigmund flickers and vanishes!
Deactivating autopickup; reactivate with Ctrl-A.
The ogre moves out of view.
A giant cockroach comes into view.
You see here a scroll labelled XOPLOBA NOAV.
e - a scroll labelled XOPLOBA NOAV The giant cockroach bites you but does no damage.
You slash the giant cockroach!
You kill the giant cockroach!
Something hits you!
You hear some strange, mumbled words.
A puff of flame appears from out of thin air!
The puff of flame misses you.
You see here a giant cockroach corpse.
You feel very mighty all of a sudden. Something hits you.
You barely miss something. Something hits you!
* * * LOW HITPOINT WARNING * * *
You barely miss something. Something hits you.
* * * LOW HITPOINT WARNING * * *
Unknown command.
You miss something. Something hits you but does no damage.
You hit something. Something hits you.
* * * LOW HITPOINT WARNING * * *
You closely miss something. Something hits you but does no damage.
You closely miss something. Something hits you but does no damage.
A red film seems to cover your vision as you go berserk!
You feel yourself moving faster!
You feel mighty!
You closely miss something. Something hits you but does no damage.
Unknown command.
You closely miss something. You slice something!! Something hits you.
* * * LOW HITPOINT WARNING * * *
You barely miss something. Something hits you.
You die...

##########
.........# #####
.........## .....
.......... ......
.........# ......
.......{.##......
.......@.........
######.†...####
#.....#
....###### #....
#.... #... #...
#..


There were no monsters in sight!

Vanquished Creatures
  2 dart slugs
  5 endoplasms
  3 giant cockroaches
  5 hobgoblins
  5 jackals
  2 quokkas (D:2)
  4 ball pythons
  3 bats
  A frilled lizard (D:1)
  4 goblins
  5 kobolds
  4 rats
43 creatures vanquished.

Notes
Turn   | Place    | Note
-------+----------+-------------------------------------------
     0 | D:1      | bande the Gargoyle Fighter began the quest for the Orb.
     0 | D:1      | Reached XP level 1. HP: 14/14 MP: 1/1
    11 | D:1      | Noticed an electric eel
    94 | D:1      | Reached XP level 2. HP: 19/19 MP: 2/2
   359 | D:1      | Found a faded altar of an unknown god.
   607 | D:2      | Reached XP level 3. HP: 24/24 MP: 3/3
   950 | D:2      | Found Gausuvvi's Armour Shoppe.
  1641 | D:3      | Noticed an ogre
  1641 | D:3      | Noticed Sigmund
  1659 | D:3      | HP: 1/36 [something (5)]
  1660 | D:3      | Slain by Sigmund

Illustrated notes

Levels and vault maps discovered:
D:1:      arrival_aquarium_a, layout_rooms,
          hellmonk_ecumenical_altar_inner_sanctum
D:2:      layout_loops_ring, serial_shops, shop, minmay_tall_x
D:3:      layout_basic, kennysheep_orc_sif_temple, uniq_sigmund, uniq_ijyb,
          uniq_terence

Skill      XL: |  1 |
---------------+----+-----
Axes           | 2 |  2.6
Fighting       | |  3.9
Armour         | |  3.6
Stealth        | |  0.1
Shields        | |  3.5

Action                   || total
-------------------------++-------
Melee: War axe           ||   123
  Use: Scroll            ||     5
       Potion            ||     1
Armor: Scale mail        ||   112
Dodge: Dodged            ||    75
Block: Buckler           ||     8

Table legend: (Time is in decaauts)
 A = Elapsed time spent in this place.
 B = Non-inter-level travel time spent in this place.
 C = Inter-level travel time spent in this place.
 D = Time resting spent in this place.
 E = Time spent auto-exploring this place.
 F = Levels seen in this place.
 G = Mean time per level.
                   A        B        C        D        E       F      G
               +--------+--------+--------+--------+--------+-----+--------+
         Total |   1795 |   1795 |      0 |    288 |   1097 |   3 |  598.3 |
       Dungeon |   1795 |   1795 |      0 |    288 |   1097 |   3 |  598.3 |
               +--------+--------+--------+--------+--------+-----+--------+

Top non-repeatable levels by time:
     D:2: 1126 daAuts
     D:1: 641 daAuts
     D:3: 27 daAuts
